 Dungeon Crawl Stone Soup version 0.19.1 (webtiles) character file.

79 Ice the Ducker (level 4, -1/58 HPs)
             Began as a Minotaur Berserker on Dec 6, 2016.
             Was a Believer of Trog.
             Slain by Ice's ghost (4 damage)
             ... on level 3 of the Dungeon.
             The game lasted 00:04:19 (1426 turns).

Ice the Ducker (Minotaur Berserker)                 Turns: 1426, Time: 00:04:19

Health: -1/58      AC:  4    Str: 26    XL:     4   Next: 17%
Magic:  3/3        EV: 14    Int:  4    God:    Trog [**....]
Gold:   71         SH:  0    Dex: 11    Spells: 0 memorised, 3 levels left

rFire  . . .     SeeInvis .     b - -3 short sword (curse)
rCold  + . .     Gourm    .     t - +1 leather armour {rC+}
rNeg   . . .     Faith    .     (no shield)
rPois  .         Spirit   .     (helmet restricted)
rElec  .         Reflect  .     (no cloak)
rCorr  .         Harm     .     (no gloves)
MR     .....                    (no boots)
Stlth  ..........               (no amulet)
                                (no ring)
                                (no ring)

@: berserking, very quick
A: retaliatory headbutt, horns 2
a: Berserk, Trog's Hand, Burn Spellbooks, Renounce Religion


You were on level 3 of the Dungeon.
You worshipped Trog.
Trog was pleased with you.
You were hungry.

You visited 1 branch of the dungeon, and saw 3 of its levels.

You collected 71 gold pieces.

Inventory:

Hand Weapons
 b - a cursed -3 short sword (weapon)
 j - a +0 dagger
 m - a +1 mace
Missiles
 n - 30 arrows
 p - 68 stones (quivered)
 r - 24 bolts
Armour
 t - a +1 leather armour of cold resistance (worn)
Potions
 e - 3 potions of curing {unknown}
 f - a potion of heal wounds {unknown}
 g - a potion of cure mutation {unknown}
 i - a potion of degeneration {unknown}
 s - a potion of cancellation {unknown}
Comestibles
 a - a beef jerky
 c - 3 bread rations
 d - 2 meat rations


   Skills:
 - Level 3.6 Fighting
   Level 3.6 Axes
 - Level 2.4 Armour
 + Level 4.9 Dodging


You had 3 spell levels left.
You didn't know any spells.

Dungeon Overview and Level Annotations

Branches:
Dungeon (3/15)

Altars:
Fedhas
Makhleb
Trog
Xom

Annotations:
D:3 Ice's ghost, amateur MiBe


Innate Abilities, Weirdness & Mutations

You reflexively headbutt those who attack you in melee.
You have a pair of horns on your head.


Message History

Ice's ghost hits you.
* * * LOW HITPOINT WARNING * * *
You are too injured to fight recklessly!
You are too injured to fight recklessly!
A red film seems to cover your vision as you go berserk!
You feel yourself moving faster!
You feel mighty!
You are feeling hungry.
Ice's ghost hits you!
* * * LOW HITPOINT WARNING * * *
Ice's ghost freezes you.
* * * LOW HITPOINT WARNING * * *
You hit Ice's ghost.
Ice's ghost is severely damaged.
Ice's ghost barely misses you.
You puncture Ice's ghost!
Ice's ghost is almost destroyed.
You closely miss Ice's ghost.
Ice's ghost is almost destroyed.
Ice's ghost hits you.
You die...

......
......
#......
##.......
####........
...........
#.........
#.@.......
#.W†......
#.........
#.........
#.........
#.........
#.......(.
#........(


You could see Ice's ghost.

Vanquished Creatures
  3 adders (D:2)
  An ooze (D:2)
  A dart slug (D:1)
  3 leopard geckos
  6 bats
  A giant cockroach (D:1)
  2 goblins (D:1)
  6 hobgoblins
  5 jackals (D:1)
  2 frilled lizards (D:1)
  5 kobolds
  8 rats
43 creatures vanquished.

Notes
Turn   | Place    | Note
-------+----------+-------------------------------------------
     0 | D:1      | Ice the Minotaur Berserker began the quest for the Orb.
     0 | D:1      | Reached XP level 1. HP: 19/19 MP: 0/0
   138 | D:1      | Reached skill level 3 in Dodging
   140 | D:1      | Reached XP level 2. HP: 25/26 MP: 1/1
   539 | D:1      | Reached XP level 3. HP: 22/31 MP: 2/2
   746 | D:2      | Found a shimmering altar of Xom.
   748 | D:2      | Reached skill level 4 in Dodging
   753 | D:2      | Found a burning altar of Makhleb.
   830 | D:2      | Reached ** piety under Trog
  1012 | D:2      | Found a faded altar of an unknown god.
  1012 | D:2      | Found a faded altar of an unknown god.
  1019 | D:2      | Found a faded altar of an unknown god.
  1021 | D:2      | Found a faded altar of an unknown god.
  1023 | D:2      | Found a blossoming altar of Fedhas.
  1043 | D:2      | Found a bloodstained altar of Trog.
  1165 | D:2      | Reached XP level 4. HP: 29/39 MP: 3/3
  1397 | D:3      | Noticed Ice's ghost (amateur MiBe)
  1426 | D:3      | Slain by Ice's ghost

Skill      XL: |  1  2  3 |
---------------+----------+-----
Dodging        | 3 4 |  4.9
Fighting       | |  3.6
Axes           | |  3.6
Armour         | |  2.4

Action                   |  1- 3 |  4- 6 || total
-------------------------+-------+-------++-------
Melee: Hand axe          |    23 |       ||    23
       Headbutt          |    14 |     5 ||    19
       Mace              |    54 |       ||    54
       Short sword       |       |    35 ||    35
Throw: Stone             |    18 |     6 ||    24
Invok: Berserk           |       |     1 ||     1
  Use: Scroll            |       |     6 ||     6
 Stab: Sleeping          |       |     1 ||     1
  Eat: Chunk             |     1 |     1 ||     2
Armor: Animal skin       |    11 |       ||    11
       Leather armour    |     2 |     5 ||     7
Dodge: Dodged            |    68 |    19 ||    87
